 Dungeon Crawl Stone Soup version 0.31.0-10-gcf4a605ca0 (webtiles) character file.

Game seed: 16121925021393062519

111 Persephone the Trooper (level 4, -1/37 HPs)
             Began as a Demonspawn Berserker on Jan 25, 2024.
             Was a Believer of Trog.
             Slain by a gnoll
             ... wielding a +0 halberd
              (10 damage)
             ... on level 3 of the Dungeon.
             The game lasted 00:02:54 (1946 turns).

Persephone the Trooper (Demonspawn Berserker)       Turns: 1946, Time: 00:02:55

Health: -1/37      AC:  3    Str: 19    XL:     4   Next: 62%
Magic:  4/4        EV: 11    Int:  7    God:    Trog [**....]
Gold:   149        SH:  0    Dex: 13    Spells: 3/3 levels left

rFire   . .          .
                       - Unarmed
rCold   . . .        (no shield)
rNeg    . . .        j - +0 leather armour
rPois   .            (no helmet)
rElec   .            (no cloak)
rCorr   .            (no gloves)
SInv    .            (no boots)
Will    .....        (no amulet)
Stlth   +            (no ring)
HPRegen 0.26/turn    (no ring)
MPRegen 0.09/turn

%: no passive effects
@: on berserk cooldown, slowed, very slow
A: claws 2
a: Renounce Religion, Berserk, Trog's Hand


You were on level 3 of the Dungeon.
You worshipped Trog.
Trog was pleased with you.
You visited 1 branch of the dungeon, and saw 3 of its levels.

You collected 149 gold pieces.

Inventory:

Missiles
 e - 7 boomerangs (quivered)
 i - 6 javelins
Armour
 b - a +0 animal skin
 j - a +0 leather armour (worn)
Scrolls
 d - a scroll of butterflies {unknown}
 g - a scroll of identify {unknown}
 h - 2 scrolls of teleportation {unknown}
 k - a scroll of poison {unknown}
 l - a scroll of acquirement {unknown}
Potions
 a - a potion of lignification {unknown}
 c - 2 potions of enlightenment {unknown}
 f - 3 potions of curing {unknown}


   Skills:
 - Level 3.9 Fighting
 - Level 3.0 Axes
 - Level 1.7 Armour
 - Level 1.7 Dodging
 * Level 2.9 Unarmed Combat


You had 3 spell levels left.
You didn't know any spells.
Your spell library was empty.

Dungeon Overview and Level Annotations

Branches:
Dungeon (3/15)

Altars:

Shops:
D:1 =


Innate Abilities, Weirdness & Mutations

You have very sharp fingernails.


Message History

You see here a hobgoblin corpse. 2 gnolls come into view.
The gnoll shouts!
The gnoll moves out of view.
The gnoll closely misses you.
You scratch the gnoll.
The gnoll is lightly wounded.
The gnoll hits you with a +0 whip!
You barely miss the gnoll.
The gnoll is lightly wounded.
The gnoll hits you with a +0 whip.
Lua - Auto Kill stopped.
Not in fighting shape.
A red film seems to cover your vision as you go berserk!
You feel yourself moving faster!
You feel mighty! The gnoll barely misses you.
You claw the gnoll!
You kill the gnoll!
Trog accepts your kill.
You claw the gnoll!
The gnoll is severely wounded.
You claw the gnoll!
You kill the gnoll!
Trog accepts your kill.
A gnoll comes into view. It is wielding a +0 halberd.
The gnoll shouts!
Things that are here:
a +0 club; a +0 whip; a gnoll corpse You feel a strong urge to attack something.
The gnoll barely misses you.
You feel your anger nearly subside.
You are no longer berserk.
You are exhausted.
You feel yourself slow down. The gnoll hits you with a +0 halberd!
* * * LOW HITPOINT WARNING * * *
You barely miss the gnoll. The gnoll closely misses you.
You scratch the gnoll.
The gnoll is moderately wounded.
The gnoll closely misses you.
You scratch the gnoll.
The gnoll is severely wounded.
The gnoll barely misses you. The gnoll hits you with a +0 halberd!
You die...

... ### #... ..#
####..# #.# .....#
#.# #
#...#####.###.# ##
##...#...)..@g.#
...#......###.#####
#......†.###.#
.#####.........#
........########
#######.# #.# #.#
#.#


You could see a gnoll.

Vanquished Creatures
  2 gnolls (D:3)
  5 adders
  A ribbon worm (D:2)
  5 endoplasms
  A giant cockroach (D:1)
  5 goblins
  3 hobgoblins
  4 jackals (D:2)
  4 kobolds
  A quokka (D:2)
  A ball python (D:2)
  4 bats
  4 frilled lizards
  6 rats
46 creatures vanquished.

Notes
Turn   | Place    | Note
-------+----------+-------------------------------------------
     0 | D:1      | Persephone the Demonspawn Berserker began the quest for the
                  | Orb.
     0 | D:1      | Reached XP level 1. HP: 18/18 MP: 1/1
    60 | D:1      | Found Nuesch's Jewellery Boutique.
   255 | D:1      | Gained mutation: You have sharp fingernails. [demonic
                  | ancestry]
   255 | D:1      | Reached XP level 2. HP: 24/24 MP: 2/2
   423 | D:2      | Reached skill level 1 in Unarmed Combat
   476 | D:1      | Reached XP level 3. HP: 12/29 MP: 3/3
  1150 | D:2      | Gained mutation: You have very sharp fingernails. [demonic
                  | ancestry]
  1150 | D:2      | Reached XP level 4. HP: 36/37 MP: 4/4
  1928 | D:3      | Reached ** piety under Trog
  1946 | D:3      | Slain by a gnoll

Illustrated notes

Levels and vault maps discovered:
D:1:      minmay_arrival_three_doors, layout_rooms, serial_shops,
          nicolae_shop_advertising_works [nicolae_subvault_shop_adworks],
          serial_forest, infiniplex_forest_clump_double,
          infiniplex_forest_end_2, infiniplex_forest_straight_1,
          infiniplex_forest_lined_2, infiniplex_forest_clump_diagonal,
          infiniplex_forest_lined_1, infiniplex_forest_corner_1,
          infiniplex_forest_lined_3, infiniplex_forest_straight_2,
          dreamdust_princess_corridor, minmay_misc_feat_five, minivault_24
D:2:      layout_rooms, minmay_pentomino_q4
D:3:      layout_loops_corners, ebering_ecumenical_altar_box,
          nrook_loot_triangle, reono_crystal_passage

Skill      XL: |  1  2  3 |
---------------+----------+-----
Axes           | 3 |  3.0
Unarmed Combat | 1 2 |  2.9
Fighting       | |  3.9
Armour         | |  1.7
Dodging        | |  1.7

Action                     |  1- 3 |  4- 6 || total
---------------------------+-------+-------++-------
  Melee: Hand axe          |    13 |       ||    13
         Unarmed           |    61 |    50 ||   111
         Punch             |     1 |     1 ||     2
 Invoke: Berserk           |     3 |     2 ||     5
   Stab: Sleeping          |     1 |       ||     1
         Distracted        |     1 |       ||     1
 Armour: Animal skin       |    40 |    24 ||    64
         Leather armour    |       |     6 ||     6
  Dodge: Dodged            |    50 |    42 ||    92
